 Dungeon Crawl Stone Soup version 0.21.1-1-g345015f (webtiles) character file.

1521 LairdRich the Cleaver (level 8, 0/73 HPs)
             Began as a Minotaur Berserker on June 17, 2018.
             Was a Priest of Trog.
             Slain by a gnoll
             ... wielding a +0 halberd
              (8 damage)
             ... on level 5 of the Dungeon.
             The game lasted 00:14:55 (4943 turns).

LairdRich the Cleaver (Minotaur Berserker)          Turns: 4943, Time: 00:14:55

Health: 0/73       AC:  7    Str: 21    XL:     8   Next: 54%
Magic:  7/7        EV: 11    Int:  4    God:    Trog [***...]
Gold:   226        SH:  6    Dex: 13    Spells: 7/7 levels left

rFire    . . .     SeeInvis .   a - +0 war axe
rCold    . . .     Gourm    .   d - +1 buckler
rNeg     . . .     Faith    .   r - +0 scale mail
rPois    .         Spirit   .   (helmet restricted)
rElec    .         Reflect  .   (no cloak)
rCorr    .         Harm     .   (no gloves)
MR       .....                  (no boots)
Stlth    ..........             (no amulet)
HPRegen  0.22/turn              (no ring)
MPRegen  0.10/turn              (no ring)

@: berserk cooldown, slowed, very slow
A: retaliatory headbutt, horns 2
a: Berserk, Trog's Hand, Burn Spellbooks, Renounce Religion


You were on level 5 of the Dungeon.
You worshipped Trog.
Trog was most pleased with you.
You were not hungry.

You visited 1 branch of the dungeon, and saw 5 of its levels.

You collected 226 gold pieces.

Inventory:

Hand Weapons
 a - a +0 war axe (weapon)
 b - a +1 hunting sling
Missiles
 n - 10 sling bullets
Armour
 d - a +1 buckler (worn)
 r - a +0 scale mail (worn)
Wands
 p - a wand of acid (5)
Scrolls
 f - a scroll of enchant armour
 g - 6 scrolls of teleportation
 k - 5 scrolls of identify
 l - a scroll of enchant weapon
 s - a scroll of remove curse
Potions
 e - 2 potions of heal wounds
 h - 4 potions of degeneration {unknown}
 i - a potion of invisibility {unknown}
 j - 5 potions of curing {unknown}
 m - a potion of mutation {unknown}
 o - a potion of cancellation {unknown}
Comestibles
 c - 4 rations


   Skills:
 + Level 7.0 Fighting
 * Level 9.2 Axes
 + Level 6.3 Armour
 - Level 2.1 Dodging
 - Level 4.5 Shields


You had 7 spell levels left.
You didn't know any spells.

Dungeon Overview and Level Annotations

Branches:
Dungeon (5/15)
 Temple: D:4-7

Altars:
Sif Muna
Trog

Annotations:
D:3 1 runed door
D:5 Prince Ribbit


Innate Abilities, Weirdness & Mutations

You reflexively headbutt those who attack you in melee.
You have a pair of horns on your head.


Message History

Trog accepts your kill.
Your Fighting skill increases to level 7!
Your Axes skill increases to level 9!
A gnoll comes into view. It is wielding a halberd.
The gnoll shouts!
You hear a loud, deep croak!
A gnoll comes into view. It is wielding a flail.
The gnoll barely misses you.
Things that are here:
a mace; a silvery potion; a gnoll corpse Prince Ribbit comes into view.
The gnoll hits you with a halberd!
* * * LOW HITPOINT WARNING * * *
You block the gnoll's attack.
Things that are here:
a mace; a silvery potion; a gnoll corpse You hit the gnoll but do no damage.
You block the gnoll's attack.
You closely miss the gnoll. You headbutt the gnoll.
The gnoll is lightly wounded.
The gnoll hits you with a halberd!
You die...

...# ###### .#.# ..#..
.#.# ###.#.### ...#
.....#$ g..# ..(. ...#
### #######.#####...#
..# ..........@gF.).#
..###########(#######>#
....).p.....#(#
..#########.#†#
#..?...<###.#.#
##.#.....##p#.#
##.'.....pp.#.#
####.....####.#
.........'....#


You could see Prince Ribbit and a gnoll.

Vanquished Creatures
  Pikel (D:5)
  Grinder (D:5)
  A hippogriff (D:4)
  Sigmund (D:3)
  A slave (D:5)
  A scorpion (D:4)
  The ghost of Iko the Charmwright, a weakling TrSk (D:3)
  2 hounds
  Jessica (D:3)
  2 orc wizards (D:3)
  5 worker ants (D:4)
  Robin (D:2)
  A gnoll (D:5)
  6 adders
  An ooze (D:1)
  A dart slug (D:2)
  4 leopard geckos
  10 orcs
  8 bats
  4 giant cockroaches
  18 goblins
  7 hobgoblins
  10 jackals
  9 kobolds
  2 quokkas (D:3)
  7 frilled lizards
  8 rats
114 creatures vanquished.

Notes
Turn   | Place    | Note
-------+----------+-------------------------------------------
     0 | D:1      | LairdRich the Minotaur Berserker began the quest for the Orb.
     0 | D:1      | Reached XP level 1. HP: 19/19 MP: 0/0
   140 | D:1      | Reached skill level 4 in Axes
   140 | D:1      | Reached XP level 2. HP: 24/27 MP: 1/1
   462 | D:1      | Reached skill level 1 in Shields
   934 | D:2      | Reached XP level 3. HP: 18/33 MP: 2/2
  1280 | D:2      | Reached ** piety under Trog
  1703 | D:2      | Reached XP level 4. HP: 34/40 MP: 3/3
  1979 | D:2      | Noticed Robin
  2007 | D:2      | Killed Robin
  2363 | D:3      | Noticed Iko's ghost (weakling TrSk)
  2375 | D:3      | Killed Iko's ghost
  2375 | D:3      | Reached skill level 5 in Axes
  2375 | D:3      | Reached XP level 5. HP: 47/47 MP: 4/4
  2588 | D:3      | Reached *** piety under Trog
  2831 | D:3      | Reached XP level 6. HP: 32/53 MP: 5/5
  2955 | D:3      | Noticed Sigmund
  2969 | D:3      | Killed Sigmund
  2969 | D:3      | Reached skill level 5 in Fighting
  2969 | D:3      | Reached skill level 6 in Axes
  3061 | D:3      | Noticed Jessica
  3068 | D:3      | Killed Jessica
  3069 | D:3      | Found a deep blue altar of Sif Muna.
  3204 | D:3      | Found a runed door.
  3461 | D:4      | Reached XP level 7. HP: 59/61 MP: 6/6
  4137 | D:4      | Noticed a hippogriff
  4147 | D:4      | Reached skill level 7 in Axes
  4150 | D:4      | Killed a hippogriff
  4150 | D:4      | Reached skill level 5 in Armour
  4580 | D:4      | Found a bloodstained altar of Trog.
  4706 | D:5      | Entered Level 5 of the Dungeon
  4724 | D:5      | Noticed Pikel
  4745 | D:5      | Killed Pikel
  4745 | D:5      | Reached skill level 8 in Axes
  4745 | D:5      | Reached XP level 8. HP: 41/71 MP: 7/7
  4896 | D:5      | Noticed Grinder
  4920 | D:5      | Paralysed by Grinder for 7 turns
  4936 | D:5      | Killed Grinder
  4936 | D:5      | Reached skill level 9 in Axes
  4941 | D:5      | Noticed Prince Ribbit
  4943 | D:5      | Slain by a gnoll

Skill      XL: |  1  2  3  4  5  6  7  8 |
---------------+-------------------------+-----
Axes           | 4 5 6 8 9 |  9.2
Shields        | 1 2 3 4 |  4.5
Fighting       | 4 5 6 7 |  7.0
Armour         | 3 4 6 |  6.3
Dodging        | |  2.1

Action                   |  1- 3 |  4- 6 |  7- 9 || total
-------------------------+-------+-------+-------++-------
Melee: Hand axe          |    72 |   114 |    59 ||   245
       Headbutt          |    11 |    18 |    22 ||    51
       War axe           |       |       |    37 ||    37
 Fire: Hunting sling     |    21 |    57 |     7 ||    85
Invok: Berserk           |       |     2 |     2 ||     4
       Trog's Hand       |       |     1 |       ||     1
  Use: Scroll            |       |     5 |     1 ||     6
  Eat: Chunk             |     2 |     5 |     4 ||    11
       Ration            |       |     1 |     1 ||     2
Armor: Animal skin       |     6 |    14 |       ||    20
       Scale mail        |       |    10 |    31 ||    41
Dodge: Dodged            |    48 |    55 |    34 ||   137
Block: Buckler           |     7 |    23 |    22 ||    52
